 Dungeon Crawl Stone Soup version 0.29.1-1-gd02db6906a (webtiles) character file.

Game seed: 6457949310500338771

2060 DemonSlayer the Firebug (level 9, -1/54 (59) HPs)
             Began as a Demonspawn Fire Elementalist on Sept 17, 2022.
             Slain by a wight
             ... wielding a +5 flail of freezing
              (2 damage)
             ... on level 6 of the Dungeon.
             The game lasted 00:14:46 (5346 turns).

DemonSlayer the Firebug (DsFE)                      Turns: 5346, Time: 00:14:49

HP:   -1/54 (59)    AC:  8    Str:  9    XL:     9   Next: 5%
MP:   18/28         EV: 16    Int: 20    God:
Gold: 436           SH:  0    Dex: 16    Spells: 4/22 levels left

rFire   . . .      SeeInvis .   u - +8 long sword "Vebruike" {flame, Fragile rC+ rN+ Dex+2}
rCold   + . .      Faith    .   (no shield)
rNeg    + . .      Spirit   .   h - +2 leather armour {Will+}
rPois   .          Reflect  .   (no helmet)
rElec   .          Harm     .   (no cloak)
rCorr   .          Rampage  .   i - +0 pair of gloves
Will    +....                   (no boots)
Stlth   ++........              c - amulet of magic regeneration
HPRegen 0.18/turn               v - +4 ring of evasion
MPRegen 0.61/turn               o - ring of magical power

@: hasted, drained, very quick
A: yellow scales 1, demonic guardian 2
a: no special abilities


You were on level 6 of the Dungeon.
You visited 1 branch of the dungeon, and saw 6 of its levels.
You also visited: Sewer.

You collected 436 gold pieces.

Inventory:

Hand Weapons
 p - a +0 vorpal demon whip
 u - the +8 long sword "Vebruike" (weapon) {flame, Fragile rC+ rN+ Dex+2}
   (You found it on level 4 of the Dungeon)

   It burns those it strikes, dealing additional fire damage.
   Big, fiery blades are also staple armaments of hydra-hunters.
   Dex:       It affects your dexterity (+2).
   rC:        It protects you from cold.
   rN:        It protects you from negative energy.
   Fragile:   It will be destroyed if unequipped.
Armour
 h - a +2 leather armour of willpower (worn)
 i - a +0 pair of gloves (worn)
Jewellery
 c - an amulet of magic regeneration (around neck)
 m - the ring of Fitelar {rN+ Int+4}
   (You found it on level 5 of the Dungeon)

   [ring of positive energy]

   Int:       It affects your intelligence (+4).
   rN:        It protects you from negative energy.
 n - a ring of protection from fire
 o - a ring of magical power (right hand)
 v - a +4 ring of evasion (left hand)
Wands
 w - a wand of digging (4)
 x - a wand of roots (8)
 A - a wand of acid (5)
Scrolls
 a - 2 scrolls of vulnerability {unknown}
 d - 2 scrolls of blinking {unknown}
 f - 2 scrolls of enchant weapon {unknown}
 j - 3 scrolls of teleportation
 r - 2 scrolls of fear {unknown}
 s - a scroll of amnesia {unknown}
 t - 2 scrolls of immolation {unknown}
 y - a scroll of torment {unknown}
 z - a scroll of silence
Potions
 b - 3 potions of magic
 e - 7 potions of curing
 g - 3 potions of heal wounds
 k - 2 potions of mutation
 l - a potion of might


   Skills:
 + Level 1.1 Fighting
 + Level 1.3 Long Blades
 + Level 0.8 Maces & Flails
 + Level 1.8 Armour
 + Level 2.6 Dodging
 + Level 2.5 Stealth
 + Level 7.1 Spellcasting
 + Level 2.3 Conjurations
 + Level 7.4 Fire Magic
 + Level 0.2 Evocations


You had 4 spell levels left.
You knew the following spells:

 Your Spells              Type           Power      Damage    Failure   Level
a - Foxfire               Conj/Fire      100%       2x1d9     1%          1
b - Scorch                Fire           74%        2d8       1%          2
c - Conjure Flame         Conj/Fire      26%        6-21      4%          3
d - Flame Wave            Conj/Fire      26%        2d8       17%         4
e - Ensorcelled Hibernat  Hex/Ice        14%        N/A       19%         2
f - Stone Arrow           Conj/Erth      22%        3d8       24%         3
g - Ignite Poison         Fire/Tmut/Pois 17%        N/A       14%         3

Your spell library contained the following spells:

 Spells                   Type           Power      Damage    Failure   Level
 Inner Flame              Hex/Fire       22%        N/A       9%          3
 Passwall                 Tmut/Erth      5%         N/A       19%         2
 Swiftness                Air            7%         N/A       36%         3
 Animate Armour           Summ/Erth      14%        N/A       77%         4
 Dragon Form              Tmut           3%         N/A       100%        7
 Lehudib's Crystal Spear  Conj/Erth      5%         10d3      100%        8


Dungeon Overview and Level Annotations

Branches:
Dungeon (6/15)              Sewer (visited)
 Temple: D:4-7

Altars:
Hepliaklqana
Makhleb
Uskayaw
Vehumet
Wu Jian
Xom


Innate Abilities, Weirdness & Mutations

You are partially covered in yellow scales. (AC +2)
A demonic guardian rushes to your aid.


Message History

The wight hits you with a +3 dagger. You partially resist.
You feel drained.
There are monsters nearby!
There are monsters nearby!
There are monsters nearby!
There are monsters nearby!
Flames lash the wight.
The wight is lightly damaged.
The wight's fire resistance burns away.
The wight barely misses you.
Flames lash the wight.
The wight is burned terribly!
The wight is almost destroyed.
The wight hits you with a +4 mace of freezing!
The wight freezes you. The wight closely misses you.
Flames lash the wight.
The wight resists.
The wight is lightly damaged.
The wight's fire resistance burns away.
The wight closely misses you. The wight hits you but does no damage.
Flames lash the wight.
The wight is moderately damaged.
The wight hits you with a +4 mace of freezing!
The wight freezes you. The wight hits you but does no damage.
Flames lash the wight.
The wight is moderately damaged.
The wight's fire resistance burns away.
The wight hits you with a +4 mace of freezing.
A demonic guardian appears!
You partially resist.
You feel drained.
Flames lash the wight.
The wight is burned terribly!
You destroy the wight!
The wight hits you with a +4 mace of freezing!
You partially resist.
You feel drained. The wight hits you but does no damage.
The wight hits you with a +5 flail of freezing.
* * * LOW HITPOINT WARNING * * *
You partially resist.
You feel drained.
You feel yourself speed up. The wight barely misses you.
Your hellwing swoops through the air toward the wight!
Your hellwing hits the wight but does no damage.
Your hellwing hits the wight. The wight misses you.
The wight hits you with a +5 flail of freezing!
* * * LOW HITPOINT WARNING * * *
A demonic guardian appears!
You partially resist.
You feel drained.
You die...

..##...#........#
......##.......##
#....#.##.....##
...............#
<...#.......#..###
....#####...##...#
.....# #....>....# ##
).....###..#..)..#..##
..............4z@)...#
##.##...........zz4.##
..##................#
# ..#
................# .
.###.............
#..............
##......#....#.
#............


You could see 3 wights and 2 friendly hellwings.

Vanquished Creatures
  Pikel (D:5)
  A komodo dragon (D:5)
  An orc warrior (D:5)
  An ice beast (D:5)
  A sky beast (D:6)
  A bullfrog (D:5)
  2 scorpions
  2 wights (D:6)
  A crimson imp (D:5)
  3 hounds (D:5)
  2 orc priests (D:5)
  4 iguanas
  2 orc wizards
  A hell rat (Sewer)
  10 gnolls
  12 adders
  2 river rats (Sewer)
  A worm (D:3)
  A dart slug (D:1)
  9 orcs
  6 bats
  5 endoplasms
  4 giant cockroaches
  5 goblins
  4 hobgoblins
  3 quokkas
  9 ball pythons
  5 frilled lizards
  8 kobolds
  14 rats
121 creatures vanquished.

Vanquished Creatures (collateral kills)
  An ice beast (D:3)
  A gnoll (D:5)
  2 river rats (Sewer)
  2 rats (Sewer)
6 creatures vanquished.

Vanquished Creatures (others)
  248 foxfires
248 creatures vanquished.

Grand Total: 375 creatures vanquished

Notes
Turn   | Place    | Note
-------+----------+-------------------------------------------
     0 | D:1      | DemonSlayer the Demonspawn Fire Elementalist began the
                  | quest for the Orb.
     0 | D:1      | Reached XP level 1. HP: 13/13 MP: 3/3
    80 | D:1      | Found a faded altar of an unknown god.
   206 | D:1      | Gained mutation: A weak demonic guardian rushes to your
                  | aid. [demonic ancestry]
   206 | D:1      | Reached XP level 2. HP: 19/19 MP: 3/5
   211 | D:1      | Learned a level 2 spell: Scorch
   923 | D:2      | Gained mutation: You are partially covered in yellow
                  | scales. (AC +2) [demonic ancestry]
   923 | D:2      | Reached XP level 3. HP: 24/24 MP: 4/6
   960 | D:2      | Learned a level 3 spell: Conjure Flame
  1385 | D:2      | Gained mutation: A demonic guardian rushes to your aid.
                  | [demonic ancestry]
  1385 | D:2      | Reached XP level 4. HP: 30/30 MP: 5/8
  1653 | D:3      | Noticed an ice beast
  1679 | D:3      | Killed an ice beast
  1680 | D:3      | Reached XP level 5. HP: 16/36 MP: 3/10
  1902 | D:3      | Found a glowing drain.
  1906 | Sewer    | Entered a sewer
  1999 | Sewer    | Reached XP level 6. HP: 42/42 MP: 12/12
  2042 | Sewer    | Learned a level 4 spell: Flame Wave
  2045 | Sewer    | Learned a level 2 spell: Ensorcelled Hibernation
  2136 | D:3      | Found an ornate altar of the Wu Jian Council.
  2293 | D:3      | Got the Cyclopedia of Unstable Silt
  2855 | D:4      | Found a shimmering altar of Xom.
  3194 | D:4      | Identified the +8 long sword "Vebruike" {flame, Fragile rC+
                  | rN+ Dex+2}
  3506 | D:5      | Entered Level 5 of the Dungeon
  3518 | D:5      | Found a hide-covered altar of Uskayaw.
  3547 | D:5      | Identified the ring of Fitelar {rN+ Int+4}
  3565 | D:5      | Reached XP level 7. HP: 47/47 MP: 14/14
  3589 | D:5      | Reached skill level 5 in Fire Magic
  3607 | D:5      | Noticed Pikel
  3637 | D:5      | Killed Pikel
  3638 | D:5      | Reached skill level 1 in Fighting
  3638 | D:5      | Reached skill level 1 in Long Blades
  3638 | D:5      | Reached skill level 1 in Armour
  3638 | D:5      | Reached skill level 5 in Spellcasting
  3638 | D:5      | Reached XP level 8. HP: 50/54 MP: 13/16
  4286 | D:5      | Found a hazy altar of Hepliaklqana.
  4539 | D:5      | Found a burning altar of Makhleb.
  4548 | D:5      | Found a radiant altar of Vehumet.
  4615 | D:5      | Learned a level 3 spell: Stone Arrow
  4619 | D:5      | Learned a level 3 spell: Ignite Poison
  4709 | D:6      | Noticed a komodo dragon
  5242 | D:5      | Killed a komodo dragon
  5338 | D:6      | Reached XP level 9. HP: 59/59 MP: 19/19
  5346 | D:6      | HP: 1/56 [wight/+5 flail of freezing (13)]
  5346 | D:6      | Slain by a wight

Illustrated notes

Levels and vault maps discovered:
D:1:      dpeg_arrival_orchard, layout_rooms,
          dreamdust_ecumenical_altar_statues, nicolae_kite_square_tiling_tiny
D:2:      layout_loops_cross
D:3:      layout_basic, nzn_wu_jian_contemplation, gup_sewer_entry_bowl,
          kennysheep_pointless_box
D:4:      layout_basic, mainiacjoe_overflow_paths,
          hangedman_abyss_or_decor_jellyfish_corner, dk_noncrumbling_3
D:5:      layout_loops_cross, grunt_temple_overflow_lords_of_destruction,
          lemuel_tele_altar, amcnicky_altar_gilded, guppyfry_early_orc_mine,
          uniq_pikel
D:6:      layout_cave_pools, chequers_temple_overflow_minitemple,
          minmay_temple_entry_sparse_star, minmay_ruined_shrine

Skill      XL: |  1  2  3  4  5  6  7  8 |
---------------+-------------------------+-----
Dodging        | 2 |  2.6
Stealth        | 2 |  2.5
Fire Magic     | 3 4 5 7 |  7.4
Spellcasting   | 3 4 5 7 |  7.1
Conjurations   | 2 |  2.3
Fighting       | 1 |  1.1
Long Blades    | 1 |  1.3
Armour         | 1 |  1.8
Maces & Flails | |  0.8
Evocations     | |  0.2

Action                   |  1- 3 |  4- 6 |  7- 9 || total
-------------------------+-------+-------+-------++-------
Melee: Whip              |     8 |     9 |       ||    17
       Punch             |     2 |       |       ||     2
       Demon whip        |       |     5 |       ||     5
       Long sword        |       |     4 |    15 ||    19
 Cast: Foxfire           |   132 |    16 |     6 ||   154
       Scorch            |       |    62 |    95 ||   157
Evoke: Wand              |       |       |     1 ||     1
  Use: Scroll            |       |     4 |     7 ||    11
       Potion            |       |       |     2 ||     2
Armor: Robe              |     3 |       |       ||     3
       Leather armour    |     3 |    10 |    13 ||    26
Dodge: Dodged            |    12 |    29 |    44 ||    85
